 Dungeon Crawl Stone Soup version 0.22.0-38-g04b72b8c25 (webtiles) character file.

130 Mangusta the Covert (level 4, 0/22 HPs)
             Began as a Spriggan Assassin on Aug 26, 2018.
             Slain by an orc
             ... wielding a +0 flail
              (11 damage)
             ... on level 3 of the Dungeon.
             The game lasted 00:09:39 (2742 turns).

Mangusta the Covert (Spriggan Assassin)             Turns: 2742, Time: 00:09:40

Health: 0/22       AC:  3    Str:  7    XL:     4   Next: 90%
Magic:  5/5        EV: 17    Int: 12    God:
Gold:   131        SH:  0    Dex: 18    Spells: 3/3 levels left

rFire    . . .     SeeInvis +   a - +2 dagger
rCold    . . .     Gourm    .   (shield restricted)
rNeg     . . .     Faith    .   c - +0 robe
rPois    .         Spirit   .   (helmet restricted)
rElec    .         Reflect  .   d - +0 cloak
rCorr    .         Harm     .   (gloves unavailable)
MR       .....                  (boots unavailable)
Stlth    ++++......             (no amulet)
HPRegen  0.07/turn              (no ring)
MPRegen  0.09/turn              (no ring)

@: very quick
A: very small, unfitting armour, see invisible, herbivore, speed 3, slow
metabolism 2
a: no special abilities


You were on level 3 of the Dungeon.
You were not hungry.

You visited 1 branch of the dungeon, and saw 3 of its levels.

You collected 131 gold pieces.

Inventory:

Hand Weapons
 a - a +2 dagger (weapon)
 b - a +0 blowgun
 r - a +1 dagger of speed
Missiles
 e - 20 poisoned needles
Armour
 c - a +0 robe (worn)
 d - a +0 cloak (worn)
Wands
 u - a wand of digging (22)
Scrolls
 i - 3 scrolls of immolation {unknown}
 k - 2 scrolls of enchant weapon {unknown}
 m - a scroll of fog {unknown}
 p - 5 scrolls of identify {unknown}
 q - a scroll of amnesia {unknown}
Potions
 f - a potion of heal wounds {unknown}
 h - a potion of curing
 j - a potion of mutation {unknown}
 l - 2 potions of brilliance {unknown}
 n - 2 potions of agility {unknown}
 o - a potion of flight {unknown}
 s - a potion of might {unknown}
 t - a potion of cancellation {unknown}
Comestibles
 g - 5 rations


   Skills:
 - Level 1.5 Fighting
 - Level 2.1 Short Blades
 - Level 2.0 Throwing
 - Level 1.5 Dodging
 + Level 9.5 Stealth


You had 3 spell levels left.
You didn't know any spells.
Your spell library contained the following spells:

 Spells                   Type           Power        Failure   Level  Hunger
 Confusing Touch          Hex            #.....       32%         1    ##.....
 Confuse                  Hex            #.......     69%         3    ####...
 Gell's Gravitas          Tloc           #.........   69%         3    ####...
 Petrify                  Tmut/Erth      #.......     97%         4    #####..
 Metabolic Englaciation   Hex/Ice        #.........   100%        5    ######.
 Yara's Violent Unravell  Hex/Tmut       #.........   100%        5    ######.


Dungeon Overview and Level Annotations

Branches:
Dungeon (3/15)

Altars:


Innate Abilities, Weirdness & Mutations

You are very small and have problems with some larger weapons.
You are too small for most types of armour.
You have supernaturally acute eyesight. (SInv)
You are a herbivore.
You cover ground extremely quickly.
You need to consume almost no food.


Message History

The orc is moderately wounded.
The orc misses you.
You hit the orc.
The orc is heavily wounded.
The orc misses you.
You hit the orc.
You kill the orc!
You hit the orc but do no damage. The orc hits you.
You closely miss the orc. The orc completely misses you.
You hit the orc but do no damage. The orc closely misses you.
You hit the orc.
The orc is moderately wounded.
The orc misses you.
You hit the orc.
The orc is severely wounded.
You hit the orc.
You kill the orc!
The orc hits you with a flail!
Ouch! That really hurt!
You die...

#..#... #....... #.#...#
#### . #...#.#
..#######.. #.....#
######.........#
#.....###..@o.(##.......
#.........####..#..o....
#........## ##.(.......
#.........# ###....... #
#.........## ...o?..
#.##............ ...<...
.............### ...o...
####........... .......
#............ .......


You could see an orc.

Vanquished Creatures
  4 adders
  4 gnolls (D:2)
  An ooze (D:1)
  A worm (D:3)
  A dart slug (D:2)
  A leopard gecko (D:1)
  3 orcs (D:3)
  7 bats
  2 giant cockroaches (D:1)
  9 goblins
  5 hobgoblins
  2 kobolds
  5 rats
45 creatures vanquished.

Notes
Turn   | Place    | Note
-------+----------+-------------------------------------------
     0 | D:1      | Mangusta the Spriggan Assassin began the quest for the Orb.
     0 | D:1      | Reached XP level 1. HP: 10/10 MP: 2/2
    74 | D:1      | Reached skill level 6 in Stealth
   340 | D:1      | Reached XP level 2. HP: 13/14 MP: 3/3
   374 | D:1      | Reached skill level 7 in Stealth
   851 | D:2      | Reached XP level 3. HP: 6/18 MP: 4/4
  1132 | D:2      | Reached skill level 8 in Stealth
  2065 | D:2      | Reached XP level 4. HP: 7/22 MP: 5/5
  2129 | D:2      | Reached skill level 9 in Stealth
  2197 | D:2      | HP: 1/22 [gnoll (7)]
  2742 | D:3      | Slain by an orc

Skill      XL: |  1  2  3  4 |
---------------+-------------+-----
Stealth        | 6 7 8 9 |  9.5
Fighting       | |  1.5
Short Blades   | |  2.1
Throwing       | |  2.0
Dodging        | |  1.5

Action                   |  1- 3 |  4- 6 || total
-------------------------+-------+-------++-------
Melee: Dagger            |   105 |    45 ||   150
 Fire: Blowgun           |     6 |     7 ||    13
  Use: Potion            |       |     1 ||     1
 Stab: Sleeping          |    10 |     2 ||    12
       Distracted        |       |     1 ||     1
Armor: Robe              |    12 |     5 ||    17
Dodge: Dodged            |    67 |    28 ||    95
